 Dungeon Crawl Stone Soup version 0.26-a0-683-g5206c1d7ac (webtiles) character file.

Game seed: 17401047426572024428

123 strifetoe the Chopper (level 4, -6/40 HPs)
             Began as a Palentonga Fighter on Oct 23, 2020.
             Killed by nerve-wracking pain
             ... invoked by an orc priest
              (7 damage)
             ... on level 3 of the Dungeon.
             The game lasted 00:03:58 (1734 turns).

strifetoe the Chopper (Palentonga Fighter)          Turns: 1734, Time: 00:03:59

Health: -6/40      AC:  9    Str: 21    XL:     4   Next: 80%
Magic:  4/4        EV:  1    Int: 14    God:
Gold:   147        SH:  8    Dex:  9    Spells: 3/3 levels left

rFire    . . .     SeeInvis +   a - +0 war axe
rCold    . . .     Faith    .   c - +0 kite shield
rNeg     . . .     Spirit   .   g - +0 plate armour
rPois    .         Reflect  .   (no helmet)
rElec    .         Harm     .   (no cloak)
rCorr    .         Rampage  .   (no gloves)
MR       .....                  (no barding)
Stlth    ..........             (no amulet)
HPRegen  0.13/turn              m - +6 ring of intelligence
MPRegen  0.09/turn              (no ring)

@: lethally poisoned (-6 -> -48)
A: large, rugged brown scales 3, see invisible, deformed body, roll, armoured
tail
a: Rolling Charge


You were on level 3 of the Dungeon.
You visited 1 branch of the dungeon, and saw 3 of its levels.

You collected 147 gold pieces.

Inventory:

Hand Weapons
 a - a +0 war axe (weapon)
Armour
 b - a +0 scale mail
 c - a +0 kite shield (worn)
 g - a +0 plate armour (worn)
Jewellery
 m - a +6 ring of intelligence (left hand)
Scrolls
 e - a scroll of amnesia {unknown}
 f - 7 scrolls of identify {unknown}
 i - 2 scrolls of remove curse {unknown}
 j - 2 scrolls of teleportation {unknown}
 n - a scroll of blinking {unknown}
Potions
 d - 2 potions of might
 k - a potion of brilliance {unknown}
 l - a potion of curing {unknown}


   Skills:
 - Level 3.0 Fighting
 + Level 5.1 Axes
 - Level 2.4 Armour
 - Level 2.4 Shields


You had 3 spell levels left.
You didn't know any spells.
Your spell library was empty.

Dungeon Overview and Level Annotations

Branches:
Dungeon (3/15)

Altars:
Elyvilon
Gozag
Nemelex Xobeh

Annotations:
D:2 exclusion: downstairs


Innate Abilities, Weirdness & Mutations

You are completely covered in rugged brown scales. (AC +3, +7% HP)
You have supernaturally acute eyesight. (SInv)
Armour fits poorly on your strangely shaped body.
You can roll at foes to attack.
You have a long armoured tail.


Message History

The orc hits you but does no damage.
You barely miss the orc priest. You tail-slap the orc priest.
The orc priest is moderately wounded.
* * * LOW HITPOINT WARNING * * *
You feel very sick. You block the orc priest's attack.
You block the orc's attack.
You hit the orc priest.
The orc priest is heavily wounded.
* * * LOW HITPOINT WARNING * * *
You feel very sick.
The orc priest hits you but does no damage.
You are more poisoned.
You block the orc's attack.
You hit the orc priest.
The orc priest is severely wounded.
* * * LOW HITPOINT WARNING * * *
You feel very sick.
The orc priest invokes the aid of Beogh against you.
Pain shoots through your body!
You die...

#.# #.# #.# # #.# .# #
..#####.##.#.##≈≈.≈≈...
....(o........≈#≈≈≈≈#.##
......)o....≈≈≈≈≈≈≈≈≈≈#.
#@†..≈≈≈≈≈≈≈#≈≈≈≈≈
#†#..#≈≈≈≈≈≈≈≈≈≈#≈
#.#.≈≈≈≈#≈≈≈≈≈≈≈≈#
#.##≈≈≈≈≈≈≈≈≈#≈≈≈≈
#..≈≈#..≈≈...≈≈.≈≈
#...≈≈...8.<.....≈
#.#≈≈≈(≈≈≈...≈...≈ ###
#..≈##≈.≈≈≈≈≈≈≈#≈≈ ..#
###.≈≈#≈≈≈≈≈≈≈≈≈≈≈


You could see an orc priest and an orc.

Vanquished Creatures
  An orc priest (D:3)
  A gnoll (D:1)
  An adder (D:2)
  An ooze (D:1)
  A worm (D:2)
  9 dart slugs (D:3)
  2 orcs (D:3)
  3 giant cockroaches
  6 goblins
  6 hobgoblins
  10 kobolds
  A quokka (D:2)
  A ball python (D:3)
  4 bats
  A frilled lizard (D:2)
  3 rats
51 creatures vanquished.

Notes
Turn   | Place    | Note
-------+----------+-------------------------------------------
     0 | D:1      | strifetoe the Palentonga Fighter began the quest for the
                  | Orb.
     0 | D:1      | Reached XP level 1. HP: 20/20 MP: 1/1
    58 | D:1      | Reached XP level 2. HP: 21/27 MP: 2/2
    62 | D:1      | Reached skill level 3 in Axes
   465 | D:1      | Reached XP level 3. HP: 30/33 MP: 3/3
   704 | D:2      | Reached skill level 4 in Axes
   942 | D:2      | Found a sparkling altar of Nemelex Xobeh.
  1272 | D:2      | Found an opulent altar of Gozag.
  1492 | D:3      | Found a white marble altar of Elyvilon.
  1497 | D:3      | Reached XP level 4. HP: 40/40 MP: 4/4
  1721 | D:3      | Reached skill level 5 in Axes
  1729 | D:3      | HP: 1/40 [orc priest/+2 falchion of venom (2)]
  1734 | D:3      | HP: 1/40 [poisoned by an orc priest]
  1734 | D:3      | Killed from afar by an orc priest

Illustrated notes

Levels and vault maps discovered:
D:1:      roderic_chinese_lattice_arrival, layout_rooms
D:2:      layout_rooms, lemuel_coloured_pillars_altar, chequers_jeans,
          nemelex_spade_bored_becter
D:3:      kennysheep_slugbush, layout_loops_ring, elyvilon_altar_5

Skill      XL: |  1  2  3  4 |
---------------+-------------+-----
Axes           | 3 4 5 |  5.1
Fighting       | |  3.0
Armour         | |  2.4
Shields        | |  2.4

Action                   |  1- 3 |  4- 6 || total
-------------------------+-------+-------++-------
Melee: War axe           |   105 |    24 ||   129
       Tailslap          |    11 |     6 ||    17
  Use: Potion            |       |     1 ||     1
Armor: Scale mail        |     6 |       ||     6
       Plate armour      |    60 |    24 ||    84
Dodge: Dodged            |     7 |     2 ||     9
Block: Kite shield       |    47 |    13 ||    60

Table legend: (Time is in decaauts)
 A = Elapsed time spent in this place.
 B = Non-inter-level travel time spent in this place.
 C = Inter-level travel time spent in this place.
 D = Time resting spent in this place.
 E = Time spent auto-exploring this place.
 F = Levels seen in this place.
 G = Mean time per level.
                   A        B        C        D        E       F      G
               +--------+--------+--------+--------+--------+-----+--------+
         Total |   1789 |   1721 |     68 |    257 |   1069 |   3 |  596.3 |
       Dungeon |   1789 |   1721 |     68 |    257 |   1069 |   3 |  596.3 |
               +--------+--------+--------+--------+--------+-----+--------+

Top non-repeatable levels by time:
     D:2: 816 daAuts
     D:1: 624 daAuts
     D:3: 347 daAuts
